 Dungeon Crawl Stone Soup version 0.16.1-29-g3e760ad (webtiles) character file.

401 sscrono2 the Ruffian (level 6, -10/61 HPs)
             Began as a Troll Monk on June 12, 2015.
             Mangled by a gnoll
             ... wielding a +0 halberd
              (17 damage)
             ... on level 3 of the Dungeon.
             The game lasted 00:07:31 (1982 turns).

sscrono2 the Ruffian (Troll Monk)                   Turns: 1982, Time: 00:07:31

Health: -10/61     AC:  7    Str: 22    XL:     6   Next: 54%
Magic:  3/3        EV: 11    Int:  6    God:
Gold:   87         SH:  0    Dex: 12    Spells: 0 memorised, 5 levels left

rFire  . . .     SeeInvis .       - Unarmed
rCold  . . .     Clarity  .     a - +0 robe
rNeg   . . .     SustAb   .     (shield restricted)
rPois  .         Gourm    +     w - +2 hat
rElec  .         Spirit   .     (no cloak)
rCorr  .         Warding  .     (gloves unavailable)
rMut   .         Stasis   .     (boots unavailable)
MR     .....                    (no amulet)
Stlth  ++........               s - ring of wizardry
                                l - ring of stealth

@: not resistant to hostile enchantments, unstealthy
A: unfitting armour, claws 3, fast metabolism 3, gourmand, regeneration 2,
shaggy fur 1, tough skin 2
a: no special abilities


You were on level 3 of the Dungeon.
You were very full.

You visited 1 branch of the dungeon, and saw 3 of its levels.

You collected 87 gold pieces.

Inventory:

Armour
 a - a +0 robe (worn)
 w - a +2 hat (worn)
Jewellery
 j - an uncursed ring of teleportation
 l - a ring of stealth (left claw)
 s - a ring of wizardry (right claw)
Magical devices
 u - a wand of slowing (19)
 x - a wand of cold (8)
Scrolls
 b - a scroll of immolation {unknown}
 c - a scroll of random uselessness
 d - 3 scrolls of remove curse
 f - a scroll of recharging {unknown}
 h - a scroll of teleportation {unknown}
 i - 3 scrolls of identify {unknown}
 m - a scroll of enchant weapon {unknown}
 t - a scroll of fog {unknown}
Potions
 e - a potion of magic {unknown}
 g - a potion of heal wounds {unknown}
 k - a potion of agility {unknown}
 n - a potion of cancellation {unknown}
 o - 2 potions of curing
 p - a potion of haste {unknown}
 q - a potion of invisibility {unknown}
 z - a potion of ambrosia {unknown}
Comestibles
 r - 3 bread rations
 v - a meat ration
 A - a chunk of flesh


   Skills:
 + Level 3.4 Fighting
 + Level 3.8 Dodging
 - Level 1.1 Stealth
 * Level 6.4 Unarmed Combat


You had 5 spell levels left.
You didn't know any spells.

Dungeon Overview and Level Annotations

Branches:
Dungeon (3/15)

Altars:


Innate Abilities, Weirdness & Mutations

You are too large for most types of armour.
You have claws for hands.
Your metabolism is lightning-fast.
You like to eat raw meat.
You heal very quickly.
You are covered in fur (AC +1).
You have very tough skin (AC +2).


Message History

The gnoll splashes around in the water.
You completely miss the gnoll.
The gnoll is almost dead.
The gnoll closely misses you. x3
You claw the gnoll!
You kill the gnoll!
The gnoll barely misses you. x2
Drink which item? (? for menu, Esc to quit)
It was a potion of curing.
You feel better.
You barely miss the gnoll.
The gnoll hits you from afar with a halberd!
* * * LOW HITPOINT WARNING * * *
The gnoll hits you.
* * * LOW HITPOINT WARNING * * *
The gnoll splashes around in the water.
You scratch the gnoll.
The gnoll begins to bleed from its wounds!
The gnoll is moderately wounded.
The gnoll hits you from afar with a halberd!
You die...

≈ #..#..####### #≈≈
#.5#..'.....'
#≈≈###+#..#..#######
#≈≈#...#############
#≈≈#ggg#............
#≈≈#####≈≈≈≈≈≈≈≈≈≈≈≈
#≈≈≈≈≈≈≈≈≈≈≈≈≈≈≈≈≈≈≈
#≈≈ggg≈≈≈≈≈≈≈≈≈≈g≈≈≈
#.P@.g.gg.)...gg....
#################...
##### #.## #...# #.g.
#...#########
#...#.......[
..########...#.#######
.......#.......##.....
.......#.#.....##.####


You could see 8 gnolls.

Vanquished Creatures
  2 ogres (D:3)
  A gnoll shaman (D:3)
  11 gnolls (D:3)
  4 adders
  A worm (D:2)
  3 oozes
  An orc (D:3)
  4 bats
  2 giant cockroaches
  6 goblins
  4 hobgoblins
  6 jackals (D:3)
  2 quokkas (D:2)
  7 giant newts
  3 kobolds
  6 rats
63 creatures vanquished.

Notes
Turn   | Place    | Note
--------------------------------------------------------------
     0 | D:1      | sscrono2, the Troll Monk, began the quest for the Orb.
     0 | D:1      | Reached XP level 1. HP: 22/22 MP: 1/1
   462 | D:1      | Reached XP level 2. HP: 29/29 MP: 1/1
  1101 | D:2      | Reached XP level 3. HP: 36/36 MP: 2/2
  1651 | D:3      | Reached skill level 5 in Unarmed Combat
  1651 | D:3      | Reached XP level 4. HP: 42/44 MP: 2/2
  1688 | D:3      | Noticed an ogre
  1696 | D:3      | Killed an ogre
  1696 | D:3      | Reached XP level 5. HP: 37/53 MP: 2/2
  1922 | D:3      | Noticed an ogre
  1946 | D:3      | Killed an ogre
  1946 | D:3      | Reached skill level 6 in Unarmed Combat
  1946 | D:3      | Reached XP level 6. HP: 27/61 MP: 3/3
  1982 | D:3      | Mangled by a gnoll

Action                   |  1- 3 |  4- 6 || total
-------------------------+-------+-------++-------
Melee: Unarmed           |   109 |    69 ||   178
  Use: Scroll            |     2 |       ||     2
       Potion            |       |     1 ||     1
 Stab: Sleeping          |     3 |     2 ||     5
  Eat: Chunk             |     5 |     8 ||    13
       Meat ration       |     2 |       ||     2
